 Dungeon Crawl Stone Soup version 0.28-a0-495-g9bb89235eb (webtiles) character file.

Game seed: 8517829369262068887

198 mg7810 the Chopper (level 5, -3/41 HPs)
             Began as a Demonspawn Monk on Sept 19, 2021.
             Slain by an orc (4 damage)
             ... on level 4 of the Dungeon.
             The game lasted 00:07:20 (2504 turns).

mg7810 the Chopper (Demonspawn Monk)                Turns: 2504, Time: 00:07:21

Health: -3/41      AC: 10    Str: 12    XL:     5   Next: 47%
Magic:  5/5        EV: 11    Int: 11    God:
Gold:   104        SH:  0    Dex: 16    Spells: 4/4 levels left

rFire   . . .      SeeInvis .   c - +0 war axe (flame)
rCold   . . .      Faith    .   (no shield)
rNeg    . . .      Spirit   .   g - +0 ring mail
rPois   .          Reflect  .   a - +0 helmet
rElec   .          Harm     .   f - +0 cloak
rCorr   .          Rampage  .   (no gloves)
Will    .....                   b - +0 pair of boots
Stlth   +.........              (no amulet)
HPRegen 0.13/turn               (no ring)
MPRegen 0.18/turn               (no ring)

@: about to teleport
A: slimy green scales 1, magic regeneration
a: no special abilities


You were on level 4 of the Dungeon.
You visited 1 branch of the dungeon, and saw 4 of its levels.

You collected 104 gold pieces.

Inventory:

Hand Weapons
 c - a +0 war axe of flaming (weapon)
Missiles
 e - 12 poisoned darts (quivered)
Armour
 a - a +0 helmet (worn)
 b - a +0 pair of boots (worn)
 f - a +0 cloak (worn)
 g - a +0 ring mail (worn)
Scrolls
 d - a scroll of teleportation
 j - a scroll of enchant weapon {unknown}
 k - a scroll of vulnerability {unknown}


   Skills:
 + Level 3.5 Fighting
 + Level 4.2 Axes
 * Level 2.3 Armour
 + Level 3.1 Dodging
 + Level 2.1 Stealth


You had 4 spell levels left.
You didn't know any spells.
Your spell library contained the following spells:

 Spells                   Type           Power      Damage    Failure   Level
 Apportation              Tloc           0%         N/A       61%         1
 Magic Dart               Conj           0%         1d3       61%         1
 Searing Ray              Conj           0%         2d4       75%         2
 Dazzling Flash           Conj/Hex       0%         N/A       93%         3
 Fulminant Prism          Conj/Hex       0%         3d6       100%        4
 Agony                    Necr           0%         N/A       100%        5
 Alistair's Intoxication  Tmut/Pois      0%         N/A       100%        5
 Silence                  Hex/Air        0%         N/A       100%        5
 Invisibility             Hex            0%         N/A       100%        6


Dungeon Overview and Level Annotations

Branches:
Dungeon (4/15)
 Temple: D:4-7

Altars:


Innate Abilities, Weirdness & Mutations

You are partially covered in slimy green scales. (AC +2)
You regenerate magic rapidly.


Message History

You hit the jelly. You burn the jelly.
You kill the jelly!
HP restored.
Found a stone staircase leading down.
An orc priest comes into view. It is wielding a +0 mace.
You see here a scroll of identify.
Found 11 gold pieces.
An orc comes into view. It is wielding a +0 flail.
An endoplasm comes into view.
The orc priest shouts!
You hear a shout! x2; You hear a bark!
You hear a shout!
An orc comes into view. It is wielding a +0 war axe.
The orc shouts!
An endoplasm and an orc come into view.
The orc priest calls down the wrath of Beogh upon you.
Beogh smites you!
An orc comes into view. It is wielding a +0 short sword.
The orc closely misses you. The orc priest hits you with a +0 mace.
You hit the orc priest but do no damage.
You hit the orc. You burn the orc.
You kill the orc!
You slash the orc! You burn the orc.
You kill the orc!
The orc priest closely misses you.
You hit the orc priest. You burn the orc priest.
The orc priest is moderately wounded.
You barely miss the endoplasm. The endoplasm closely misses you.
The orc priest calls down the wrath of Beogh upon you.
Pain shoots through your body!
You aren't carrying any potions.
As you read the scroll of teleportation, it crumbles to dust.
You feel strangely unstable. The endoplasm freezes you.
You are frozen.
* * * LOW HITPOINT WARNING * * *
The orc priest calls down the wrath of Beogh upon you.
Pain shoots through your body!
* * * LOW HITPOINT WARNING * * *
The orc hits you with a +0 short sword.
You die...

... #.#...........
....#######.#.####.##.##
............#.# #......
......##.....####..#.##
#....$.#.#.............
.###......###?......#.##
......o.................
#..JoJo.......##..#...
...#.#@#####.#.##..####
o. #..# #.#.##..# . #..#
#.#.##..# #..# #.#.....#
#... .......## #..##
#.###### .... ..#.


You could see an orc priest, 2 orcs and 2 endoplasms.

Vanquished Creatures
  Purgy (D:3)
  A jelly (D:4)
  Robin (D:3)
  2 adders (D:3)
  3 orcs
  3 ball pythons
  2 endoplasms
  A giant cockroach (D:3)
  9 goblins (D:3)
  3 hobgoblins
  2 jackals (D:3)
  A kobold (D:1)
  5 bats
  A frilled lizard (D:1)
  4 rats
39 creatures vanquished.

Notes
Turn   | Place    | Note
-------+----------+-------------------------------------------
     0 | D:1      | mg7810 the Demonspawn Monk began the quest for the Orb.
     0 | D:1      | Reached XP level 1. HP: 18/18 MP: 1/1
  1015 | D:2      | Gained mutation: You are partially covered in slimy green
                  | scales. (AC +2) [demonic ancestry]
  1015 | D:2      | Reached XP level 2. HP: 24/24 MP: 2/2
  1104 | D:2      | Found a faded altar of an unknown god.
  1184 | D:2      | Reached skill level 3 in Axes
  1919 | D:3      | Noticed Robin
  1927 | D:3      | Reached skill level 1 in Armour
  1927 | D:3      | Reached XP level 3. HP: 26/29 MP: 3/3
  1940 | D:3      | Killed Robin
  2153 | D:3      | Noticed Purgy
  2170 | D:3      | Killed Purgy
  2171 | D:3      | Reached skill level 4 in Axes
  2171 | D:3      | Gained mutation: You regenerate magic rapidly. [demonic
                  | ancestry]
  2171 | D:3      | Reached XP level 4. HP: 24/35 MP: 4/4
  2171 | D:3      | Reached XP level 5. HP: 28/41 MP: 5/5
  2504 | D:4      | HP: 1/41 [orc priest/nerve-wracking pain (11)]
  2504 | D:4      | Slain by an orc

Illustrated notes

Levels and vault maps discovered:
D:1:      dpeg_arrival_yet_another_circle, layout_basic
D:2:      layout_basic, chequers_ecumenical_altar_simple_redux
D:3:      layout_basic, uniq_robin, uniq_purgy
D:4:      layout_basic

Skill      XL: |  1  2  3 |
---------------+----------+-----
Axes           | 3 4 |  4.2
Armour         | 1 2 |  2.3
Dodging        | 3 |  3.1
Stealth        | 2 |  2.1
Fighting       | |  3.5

Action                   |  1- 3 |  4- 6 || total
-------------------------+-------+-------++-------
Melee: Hand axe          |    28 |       ||    28
       War axe           |    45 |     6 ||    51
Throw: Dart              |     2 |       ||     2
  Use: Scroll            |     5 |     1 ||     6
       Potion            |     2 |       ||     2
 Stab: Sleeping          |     1 |       ||     1
Armor: Leather armour    |     9 |       ||     9
       Robe              |     4 |       ||     4
       Ring mail         |    68 |     3 ||    71
Dodge: Dodged            |    81 |     5 ||    86

Table legend: (Time is in decaauts)
 A = Elapsed time spent in this place.
 B = Non-inter-level travel time spent in this place.
 C = Inter-level travel time spent in this place.
 D = Time resting spent in this place.
 E = Time spent auto-exploring this place.
 F = Levels seen in this place.
 G = Mean time per level.
                   A        B        C        D        E       F      G
               +--------+--------+--------+--------+--------+-----+--------+
         Total |   2524 |   2472 |     52 |      0 |   2056 |   4 |  631.0 |
       Dungeon |   2524 |   2472 |     52 |      0 |   2056 |   4 |  631.0 |
               +--------+--------+--------+--------+--------+-----+--------+

Top non-repeatable levels by time:
     D:1: 1003 daAuts
     D:2: 726 daAuts
     D:3: 699 daAuts
     D:4: 94 daAuts
